 Dungeon Crawl Stone Soup version 0.29.1-12-g30fa7ad0bf (webtiles) character file.

Game seed: 6464192088109981752

127 Radix the Digger (level 5, -4/28 HPs)
             Began as a Gargoyle Earth Elementalist on Dec 20, 2022.
             Slain by an iguana (5 damage)
             ... on level 3 of the Dungeon.
             The game lasted 00:10:58 (2164 turns).

Radix the Digger (Gargoyle Earth Elementalist)      Turns: 2164, Time: 00:10:59

Health: -4/28      AC:  7    Str: 12    XL:     5   Next: 11%
Magic:  18/19      EV: 11    Int: 17    God:
Gold:   183        SH:  3    Dex: 10    Spells: 9/10 levels left

rFire   . . .      SeeInvis .   f - +2 dagger (holy)
rCold   . . .      Faith    .   l - +0 buckler
rNeg    + . .      Spirit   .   a - +0 robe
rPois   ∞          Reflect  .   (no helmet)
rElec   +          Harm     .   (no cloak)
rCorr   .          Rampage  .   (no gloves)
Will    .....                   h - +0 pair of boots "Nuexisen" {Slay+3}
Stlth   ++........              (no amulet)
HPRegen 0.09/turn               o - ring of magical power
MPRegen 0.16/turn               (no ring)

@: hasted, very quick
A: sickness immunity, AC +4, negative energy resistance 1, electricity
resistance, torment resistance 1, petrification resistance, mutation resistance
1, MP-powered wands
a: no special abilities


You were on level 3 of the Dungeon.
You visited 1 branch of the dungeon, and saw 3 of its levels.

You collected 183 gold pieces.

Inventory:

Hand Weapons
 e - a +1 dagger of venom
 f - a +2 dagger of holy wrath (weapon)
Armour
 a - a +0 robe (worn)
 h - the +0 pair of boots "Nuexisen" (worn) {Slay+3}
   (You found it on level 2 of the Dungeon)

   Slay:      It affects your accuracy & damage with ranged weapons and melee
   (+3).
 l - a +0 buckler (worn)
Jewellery
 o - a ring of magical power (left hand)
Scrolls
 c - 2 scrolls of poison {unknown}
 g - a scroll of identify {unknown}
 j - a scroll of blinking {unknown}
Potions
 b - 2 potions of magic
 i - a potion of mutation
 m - a potion of flight {unknown}
 n - a potion of curing {unknown}
 p - a potion of brilliance {unknown}


   Skills:
 - Level 1.5 Dodging
 - Level 2.1 Stealth
 + Level 1.8 Shields
 + Level 3.3 Spellcasting
 - Level 0.7 Transmutations
 + Level 5.1 Earth Magic


You had 9 spell levels left.
You knew the following spells:

 Your Spells              Type           Power      Damage    Failure   Level
a - Sandblast             Erth           40%        2d10      2%          1

Your spell library contained the following spells:

 Spells                   Type           Power      Damage    Failure   Level
 Passwall                 Tmut/Erth      10%        N/A       10%         2
 Magic Dart               Conj           8%         1d3       22%         1
 Stone Arrow              Conj/Erth      22%        3d8       22%         3
 Searing Ray              Conj           4%         2d4       32%         2
 Petrify                  Tmut/Erth      12%        N/A       54%         4
 Fulminant Prism          Conj/Hex       1%         3d6       91%         4


Dungeon Overview and Level Annotations

Branches:
Dungeon (3/15)

Altars:
Nemelex Xobeh


Innate Abilities, Weirdness & Mutations

You are immune to sickness and miasma.
Your stone body is resilient. (AC +4)
You are immune to poison.
You resist negative energy. (rN+)
You are resistant to electric shocks. (rElec)
You are resistant to unholy torment.
You are immune to petrification.
You are somewhat resistant to further mutation.
You expend magic power (3 MP) to strengthen your wands.


Message History

The blast of sand hits the iguana.
The iguana is lightly wounded.
The iguana bites you but does no damage. x2
You hit the iguana but do no damage.
The iguana is lightly wounded.
You block the iguana's attack.
You barely miss the iguana.
The iguana is lightly wounded.
The iguana closely misses you.
You barely miss the iguana.
The iguana is lightly wounded.
The iguana barely misses you.
You completely miss the iguana.
The iguana is lightly wounded.
The iguana bites you.
You hit the iguana but do no damage.
The iguana is lightly wounded.
You block the iguana's attack.
You hit the iguana.
The iguana is moderately wounded.
The iguana bites you.
You hit the iguana.
The iguana is heavily wounded.
The iguana bites you!
Aiming: Sandblast (safe; 2% risk of failure)
Press: ? - help, Q - select action Shift-Dir - straight line, f/p - iguana
Aim: an iguana (heavily wounded, 85% to hit)
The blast of sand hits the iguana but does no damage.
The iguana is heavily wounded.
The iguana bites you!
* * * LOW HITPOINT WARNING * * *
It was a potion of mutation.
You feel extremely strange.
You feel your magical essence link to the dungeon's wands.
You feel genetically stable. The iguana misses you.
Unknown command.
It was a potion of cancellation.
You feel magically purged.
The iguana bites you but does no damage.
It was a potion of haste.
You feel yourself speed up. The iguana bites you.
You die...

....####
..#.#.......#.#
.......#
###+###.....#.#
..>.##.#
####..#.#
....##.# ..#.#
######.# .#.#
#.# ##.# #.#
##+##.... #.#
#.l...# #.# #@#
#.#########.#
#.#.......#.#
#.###.###.#.#
#...<.# #...#
####### #####


You could see an iguana.

Vanquished Creatures
  A phantom (D:3)
  An adder (D:2)
  2 dart slugs
  3 bats
  2 endoplasms
  2 giant cockroaches
  6 goblins
  3 hobgoblins
  4 jackals (D:1)
  4 kobolds
  4 ball pythons
  9 rats
41 creatures vanquished.

Vanquished Creatures (others)
  A plant (D:1)
1 creature vanquished.

Grand Total: 42 creatures vanquished

Notes
Turn   | Place    | Note
-------+----------+-------------------------------------------
     0 | D:1      | Radix the Gargoyle Earth Elementalist began the quest for
                  | the Orb.
     0 | D:1      | Reached XP level 1. HP: 10/10 MP: 3/3
   134 | D:1      | Found a faded altar of an unknown god.
   298 | D:1      | Reached skill level 4 in Earth Magic
   298 | D:1      | Reached XP level 2. HP: 15/15 MP: 3/5
   736 | D:1      | Reached XP level 3. HP: 11/19 MP: 1/6
  1241 | D:2      | Identified the +0 pair of boots "Nuexisen" {Slay+3}
  1639 | D:3      | Found a sparkling altar of Nemelex Xobeh.
  1735 | D:3      | Noticed a phantom
  1747 | D:3      | Killed a phantom
  1748 | D:3      | Reached skill level 1 in Shields
  1748 | D:3      | Reached skill level 5 in Earth Magic
  1748 | D:3      | Reached XP level 4. HP: 20/24 MP: 6/9
  1748 | D:3      | Reached XP level 5. HP: 23/28 MP: 6/10
  2161 | D:3      | HP: 1/28 [iguana (9)]
  2162 | D:3      | Gained mutation: You expend magic power (3 MP) to
                  | strengthen your wands. [potion of mutation]
  2162 | D:3      | Gained mutation: You are somewhat resistant to further
                  | mutation. [potion of mutation]
  2164 | D:3      | Slain by an iguana

Illustrated notes

Levels and vault maps discovered:
D:1:      dpeg_arrival_chambers_temple_mockup, layout_basic,
          shapermc_ecumenical_altar_mp_urbaneastern
D:2:      layout_rooms
D:3:      layout_basic, nemelex_xobeh_ov_fountains_minmay,
          kennysheep_nondescript

Skill      XL: |  1  2  3 |
---------------+----------+-----
Earth Magic    | 4 5 |  5.1
Shields        | 1 |  1.8
Spellcasting   | 3 |  3.3
Dodging        | |  1.5
Stealth        | |  2.1
Transmutations | |  0.7

Action                   |  1- 3 |  4- 6 || total
-------------------------+-------+-------++-------
Melee: Unarmed           |    12 |       ||    12
       Dagger            |    35 |     7 ||    42
 Cast: Sandblast         |    38 |     9 ||    47
  Use: Potion            |       |     3 ||     3
 Stab: Sleeping          |     1 |       ||     1
Armor: Robe              |    28 |     3 ||    31
Dodge: Dodged            |    31 |     3 ||    34
Block: Buckler           |     2 |     2 ||     4
